 Dungeon Crawl Stone Soup version 0.26.1-11-gd32895ea62 (webtiles) character file.

Game seed: 3731052248866395338

736 Descartes the Ruffian (level 7, -1/67 HPs)
             Began as a Troll Chaos Knight on June 11, 2021.
             Was a Plaything of Xom.
             Slain by a quokka (2 damage)
             ... on level 5 of the Dungeon.
             The game lasted 00:08:26 (3497 turns).

Descartes the Ruffian (Troll Chaos Knight)          Turns: 3497, Time: 00:08:26

Health: -1/67      AC:  5    Str: 21    XL:     7   Next: 46%
Magic:  6/6        EV: 10    Int:  9    God:    Xom [.....*]
Gold:   151        SH:  0    Dex: 10    Spells: 6/6 levels left

rFire    . . .     SeeInvis .     - Unarmed
rCold    + + .     Faith    .   (no shield)
rNeg     . . .     Spirit   .   s - +0 robe {rC+}
rPois    .         Reflect  .   (helmet restricted)
rElec    .         Harm     .   g - scarf {+Inv}
rCorr    .         Rampage  .   (gloves unavailable)
Will     .....                  (boots unavailable)
Stlth    +.........             (no amulet)
HPRegen  0.61/turn              k - ring of flight
MPRegen  0.10/turn              (no ring)

@: no status effects
A: large, unfitting armour, claws 3, blurry vision 1, cold resistance 1,
deformed body, regeneration 1, screaming 1, shaggy fur 1, tough skin 3
a: Renounce Religion, Evoke Invisibility, Evoke Flight


You were on level 5 of the Dungeon.
You worshipped Xom.
You were Xom's teddy bear.
You visited 1 branch of the dungeon, and saw 5 of its levels.

You collected 250 gold pieces.
You spent 99 gold pieces at shops.

Inventory:

Missiles
 d - 226 stones (quivered)
 f - 48 sling bullets
 j - 32 poisoned darts
Armour
 a - a +2 robe
 g - a scarf of invisibility (worn)
 s - a +0 robe of cold resistance (worn)
Jewellery
 k - a ring of flight (left claw)
Wands
 q - a wand of digging (2)
Scrolls
 b - 4 scrolls of amnesia
 h - 2 scrolls of teleportation
 o - 2 scrolls of fog
 p - a scroll of identify
 u - a scroll of remove curse
 v - a scroll of noise {unknown}
Potions
 c - 3 potions of curing
 e - a potion of brilliance {unknown}
 i - a potion of berserk rage
 l - 2 potions of degeneration {unknown}
 m - 3 potions of might {unknown}
 n - a potion of heal wounds {unknown}
 r - a potion of cancellation {unknown}
 t - a potion of ambrosia {unknown}


   Skills:
 + Level 3.6 Fighting
 + Level 2.9 Throwing
 + Level 3.3 Dodging
 * Level 5.7 Unarmed Combat
 + Level 2.1 Evocations


You had 6 spell levels left.
You didn't know any spells.
Your spell library contained the following spells:

 Spells                   Type           Power        Failure   Level
 Magic Dart               Conj           0%           38%         1
 Summon Small Mammal      Summ           0%           38%         1
 Blink                    Tloc           N/A          52%         2
 Call Imp                 Summ           0%           52%         2
 Slow                     Hex            0%           52%         2
 Call Canine Familiar     Summ           0%           77%         3
 Conjure Flame            Conj/Fire      0%           77%         3
 Mephitic Cloud           Conj/Pois/Air  0%           77%         3
 Summon Guardian Golem    Hex/Summ       0%           77%         3
 Summon Ice Beast         Ice/Summ       0%           99%         4
 Summon Lightning Spire   Summ/Air       0%           99%         4


Dungeon Overview and Level Annotations

Branches:
Dungeon (5/15)
 Temple: D:4-7

Altars:
Makhleb

Shops:
D:4 [


Innate Abilities, Weirdness & Mutations

You are too large for most types of armour.
You have claws for hands.
Your natural rate of healing is unusually fast.
You are covered in fur. (AC +1)
You have extremely tough skin. (AC +3)
Scrolls take you a little longer to read.
Your flesh is cold resistant. (rC+)
Armour fits poorly on your strangely shaped body.
You occasionally shout uncontrollably at your foes.


Message History

You see here an arrow.
The quokka bites you.
The quokka bites you but does no damage.
There is an open door here.
The quokka completely misses you.
You open the door. The quokka barely misses you. The quokka misses you.
There is an open door here.
The quokka bites you but does no damage.
The centaur shoots an arrow.
The arrow hits you!
The centaur shoots an arrow.
The arrow hits you.
* * * LOW HITPOINT WARNING * * *
You see here 2 arrows.
The centaur shoots an arrow.
The arrow hits you.
* * * LOW HITPOINT WARNING * * *
The centaur shoots an arrow.
The arrow hits you!
* * * LOW HITPOINT WARNING * * *
Xom thinks this is hilarious!
The quokka bites you.
You die...
Xom bursts into laughter!

##.......##.......#
#........'........#
##......c##......##
#.....B..##......##
#........##.......#
##.......##.......#
#...r(....#.(.....#
##############..r.....#.......#
#...#..#....##..@.....#.......#
#...........##.รท.....##.......#
#...........##.......##.......#
#.............................#
#....[........................#
#.............................#
#<..........##....>..##.......#
#...........###########.......#
#######.....##.......#....)...#


You could see a centaur, 2 quokkas and a giant cockroach.

Vanquished Creatures
  Eustachio (D:4)
  A hound (D:4)
  A gnoll shaman (D:4)
  A centaur skeleton (D:4)
  A bullfrog skeleton (D:5)
  An iguana (D:5)
  Natasha (thrice) (D:3)
  5 worker ants (D:4)
  A hound skeleton (D:4)
  A worker ant zombie (D:5)
  8 gnolls
  4 adders
  A shadow imp (D:5)
  An ufetubus (D:5)
  An ooze (D:1)
  4 leopard geckos
  7 orcs
  11 hobgoblins
  9 jackals
  A quokka (D:2)
  2 ball pythons (D:2)
  14 bats
  6 frilled lizards
  7 goblins
  5 kobolds
  14 rats
111 creatures vanquished.

Vanquished Creatures (collateral kills)
  A gnoll (D:3)
  An orc (D:3)
2 creatures vanquished.

Grand Total: 113 creatures vanquished

Notes
Turn   | Place    | Note
-------+----------+-------------------------------------------
     0 | D:1      | Descartes the Troll Chaos Knight began the quest for the
                  | Orb.
     0 | D:1      | Reached XP level 1. HP: 22/22 MP: 0/0
   150 | D:1      | Reached XP level 2. HP: 29/29 MP: 1/1
   375 | D:1      | XOM: silly message
   561 | D:2      | Reached XP level 3. HP: 36/36 MP: 2/2
   645 | D:2      | Reached skill level 1 in Throwing
   762 | D:2      | XOM: cleaving
   779 | D:2      | XOM: cloud trail
   838 | D:2      | Found a faded altar of an unknown god.
  1410 | D:3      | Reached XP level 4. HP: 44/44 MP: 3/3
  1415 | D:3      | Noticed Natasha
  1422 | D:3      | Killed Natasha
  1477 | D:3      | XOM: divination: detect items
  1479 | D:3      | XOM: divination: magic mapping
  1496 | D:3      | XOM: noise
  1512 | D:3      | XOM: enchant monster (bad)
  1527 | D:3      | XOM: fog
  1560 | D:3      | XOM: summons friendly chaos spawn
  1562 | D:3      | Reached skill level 4 in Unarmed Combat
  1564 | D:3      | Reached skill level 1 in Evocations
  1620 | D:3      | Reached XP level 5. HP: 27/52 MP: 4/4
  1737 | D:3      | Found a burning altar of Makhleb.
  1847 | D:3      | Noticed Natasha
  1853 | D:3      | Killed Natasha
  2032 | D:3      | Noticed Natasha
  2034 | D:3      | XOM: summons friendly white imp
  2039 | D:3      | Killed Natasha
  2103 | D:3      | XOM is BORED!
  2103 | D:3      | XOM: give mutations
  2103 | D:3      | Gained mutation: Scrolls take you a little longer to read.
                  | [Xom's mischief]
  2103 | D:3      | Gained mutation: Armour fits poorly on your strangely
                  | shaped body. [Xom's mischief]
  2103 | D:3      | Gained mutation: You occasionally shout uncontrollably at
                  | your foes. [Xom's mischief]
  2103 | D:3      | Gained mutation: Your flesh is cold resistant. (rC+) [Xom's
                  | mischief]
  2217 | D:4      | Found Tameumm's Antique Armour Shoppe.
  2243 | D:4      | Bought a glowing robe for 99 gold pieces
  2288 | D:4      | XOM: enchant monster (good)
  2289 | D:4      | Reached XP level 6. HP: 61/61 MP: 5/5
  2294 | D:4      | XOM: confuse monster(s)
  2304 | D:4      | XOM: potion effect (might)
  2315 | D:4      | XOM: silly message
  2365 | D:4      | XOM: divination: detect creatures
  2453 | D:4      | XOM: noise
  2468 | D:4      | Reached skill level 5 in Unarmed Combat
  2638 | D:4      | Noticed Eustachio
  2638 | D:4      | XOM: divination: magic mapping
  2660 | D:4      | Killed Eustachio
  2661 | D:4      | Reached XP level 7. HP: 49/67 MP: 6/6
  2911 | D:4      | XOM: cast spell 'Leda's Liquefaction'
  3107 | D:5      | Entered Level 5 of the Dungeon
  3116 | D:5      | XOM: smoke on damage
  3214 | D:4      | XOM: cloud trail
  3497 | D:5      | HP: 1/67 [centaur/arrow (15)]
  3497 | D:5      | Slain by a quokka

Illustrated notes

Levels and vault maps discovered:
D:1:      denvon_arrival_waterhouse, layout_basic, corexii_leaking_fountain
D:2:      layout_basic, chequers_ecumenical_altar_twisty,
          hangedman_abyss_or_decor_stabs, minmay_rat_gold_closets
D:3:      layout_rooms, bloody_makhleb, uniq_natasha
D:4:      layout_loops_ring, serial_shops, nicolae_shop_crystal, st_stairs_1,
          chequers_serial_rivers_marsh, kennysheep_flooded_box, uniq_eustachio
D:5:      layout_gridville

Skill      XL: |  1  2  3  4  5  6  7 |
---------------+----------------------+-----
Dodging        | 2 3 |  3.3
Throwing       | 1 2 |  2.9
Unarmed Combat | 4 5 |  5.7
Evocations     | 1 2 |  2.1
Fighting       | 3 |  3.6

Action                   |  1- 3 |  4- 6 |  7- 9 || total
-------------------------+-------+-------+-------++-------
Melee: Unarmed           |   110 |   137 |    56 ||   303
       Punch             |     1 |     1 |     2 ||     4
  Use: Scroll            |     5 |     1 |       ||     6
 Stab: Sleeping          |     2 |       |       ||     2
       Petrifying        |       |     1 |       ||     1
Armor: Robe              |    54 |    46 |    25 ||   125
Dodge: Dodged            |    63 |    48 |    41 ||   152
